 Dungeon Crawl Stone Soup version 0.32-a0-876-gcfddb08e57 (webtiles) character file.

Game seed: 16495811220249434912

356 Kenran the Cudgeller (level 6, 0/51 HPs)
             Began as a Mountain Dwarf Ice Elementalist on Apr 1, 2024.
             Was a Believer of Jiyva.
             Slain by an iron imp (1 damage)
             ... summoned by Eustachio
             ... on level 4 of the Dungeon.
             The game lasted 00:07:45 (4016 turns).

Kenran the Cudgeller (MDIE)                         Turns: 4016, Time: 00:07:45

Health: 0/51       AC:  6    Str: 12    XL:     6   Next: 36%
Magic:  8/8        EV:  8    Int: 16    God:    Jiyva [**....]
Gold:   75         SH:  0    Dex: 10    Spells: 7/8 levels left

rFire   + . .        s - +0 flail
rCold   + . .        (no shield)
rNeg    . . .        k - +0 scale mail
rPois   +            (no helmet)
rElec   +            (no cloak)
rCorr   +            (no gloves)
SInv    .            (no boots)
Will    .....        (no amulet) Stlth
                     m - +4 ring of slaying
HPRegen 1.24/turn    (no ring)
MPRegen 0.59/turn

%: no passive effects
@: lethally poisoned (0 -> -1), resistant
A: runic magic, artefact enchanting
a: Renounce Religion


You were on level 4 of the Dungeon.
You worshipped Jiyva.
Jiyva was pleased with you.
You visited 1 branch of the dungeon, and saw 4 of its levels.
You also visited: Sewer.

You collected 75 gold pieces.

Inventory:

Hand Weapons
 s - a +0 flail (weapon)
Missiles
 q - 2 poisoned darts
Armour
 k - a +0 scale mail (worn)
Jewellery
 m - a +4 ring of slaying (left hand)
Wands
 l - a wand of roots (11)
Scrolls
 a - 2 scrolls of butterflies {unknown}
 e - a scroll of blinking
 f - 2 scrolls of fear {unknown}
 i - a scroll of enchant weapon {unknown}
 j - a scroll of identify {unknown}
 o - a scroll of enchant armour {unknown}
 r - 4 scrolls of teleportation {unknown}
Potions
 b - 4 potions of magic
 c - a potion of degeneration {unknown}
 d - a potion of berserk rage {unknown}
 g - a potion of brilliance {unknown}
 h - a potion of heal wounds {unknown}
 n - a potion of resistance
 p - 3 potions of haste {unknown}


   Skills:
 - Level 3.3 Fighting
 + Level 6.6 Maces & Flails
 - Level 1.3 Dodging
 - Level 1.4 Stealth
 - Level 1.7 Spellcasting
 - Level 3.6 Ice Magic


You had 7 spell levels left.
You knew the following spells:

 Your Spells              Type           Power      Damage    Failure   Level
a - Freeze                Ice            48%        1d6       8%          1

Your spell library contained the following spells:

 Spells                   Type           Power      Damage    Failure   Level
 Frozen Ramparts          Ice            24%        1d4       22%         3
 Ozocubu's Armour         Ice            12%        N/A       22%         3
 Magic Dart               Conj           4%         1d3       32%         1
 Blink                    Tloc           2%         N/A       43%         2
 Call Imp                 Summ           2%         N/A       43%         2
 Summon Ice Beast         Ice/Summ       7%         N/A       43%         3


Dungeon Overview and Level Annotations

Branches:
Dungeon (4/15)              Sewer (visited)
 Temple: D:4-7

Altars:
Kikubaaqudgha

Shops:
D:1 !

Annotations:
D:4 Eustachio


Innate Abilities, Weirdness & Mutations

Your spellcasting is much less encumbered by armour.
You can use scrolls of enchantment on lesser artefacts.


Message History

You feel sick. The bat closely misses you.
The quokka bites you but does no damage.
The crimson imp blinks!
Eustachio closely misses you. The quokka closely misses you.
The iron imp closely misses you.
You miss Eustachio.
Eustachio is almost dead.
You feel sick. The bat barely misses you. The quokka barely misses you.
Eustachio closely misses you.
The river rat bites you but does no damage.
You barely miss Eustachio.
Eustachio is almost dead.
You feel sick. The bat hits you but does no damage. The iron imp hits you.
The quokka closely misses you.
Eustachio hits you with a +1 rapier of venom.
* * * LOW HITPOINT WARNING * * *
You are more poisoned.
The river rat bites you but does no damage.
You miss Eustachio.
Eustachio is almost dead.
You feel very sick. The bat closely misses you. The quokka bites you.
* * * LOW HITPOINT WARNING * * *
The crimson imp blinks!
The iron imp hits you.
* * * LOW HITPOINT WARNING * * *
Eustachio mumbles some strange words.
Eustachio blinks!
The river rat bites you but does no damage.
The quokka barely misses you.
You feel sick.
The crimson imp blinks!
The bat hits you but does no damage. The iron imp attacks as it pursues you!
The iron imp hits you!
* * * LOW HITPOINT WARNING * * *
Okay, then.
Okay, then.
It was a potion of resistance.
You feel protected.
* * * LOW HITPOINT WARNING * * *
You feel sick. The bat completely misses you. The river rat barely misses you.
The iron imp hits you.
You die...
Jiyva sends a jelly to digest your remains.

######### ..... #.......#
...... #####.......# .....
#...........# ....
#...........#
#..####.....@.....#
#.........b.......#
######..##.rr...######
...........5@.<.#
.######.........#
###.§......#############
#..5..††......).........
#.##..####....))).......
#.#.....................
#.#....####.............
..#..#.# #.............
######.##.####.............


You could see Eustachio, an iron imp (summoned), a crimson imp (summoned), a
river rat (summoned), a quokka (summoned) and a bat (summoned).

Vanquished Creatures
  A bombardier beetle (D:4)
  2 jellies (Sewer)
  A hound (D:4)
  A gnoll bouda (D:4)
  An orc wizard (D:4)
  3 adders
  3 gnolls (D:4)
  A river rat (Sewer)
  2 dart slugs (D:1)
  6 ribbon worms
  5 orcs
  5 ball pythons
  9 endoplasms
  5 giant cockroaches
  7 goblins
  6 hobgoblins
  5 jackals
  3 kobolds (D:1)
  5 quokkas
  4 bats
  6 frilled lizards
  13 rats
94 creatures vanquished.

Vanquished Creatures (others)
  An adder (D:3)
  2 hobgoblins (D:3)
  A bat (D:3)
4 creatures vanquished.

Grand Total: 98 creatures vanquished

Notes
Turn   | Place    | Note
-------+----------+-------------------------------------------
     0 | D:1      | Kenran the Mountain Dwarf Ice Elementalist began the quest
                  | for the Orb.
     0 | D:1      | Reached XP level 1. HP: 14/14 MP: 3/3
   132 | D:1      | Reached skill level 1 in Fighting
   278 | D:1      | Reached XP level 2. HP: 24/24 MP: 0/4
   997 | D:1      | Found a faded altar of an unknown god.
  1214 | D:1      | Found Dibotaoff's Distillery.
  1255 | D:1      | Reached XP level 3. HP: 13/31 MP: 5/5
  2009 | D:2      | Reached skill level 1 in Maces & Flails
  2454 | D:3      | Reached skill level 2 in Maces & Flails
  2497 | D:3      | Reached XP level 4. HP: 25/38 MP: 6/6
  2600 | D:3      | Found a glowing drain.
  2760 | Sewer    | Entered a sewer
  2864 | Sewer    | Reached skill level 3 in Maces & Flails
  2900 | Sewer    | Reached skill level 4 in Maces & Flails
  2900 | Sewer    | Reached XP level 5. HP: 40/45 MP: 7/7
  3105 | Sewer    | Found a viscous altar of Jiyva.
  3193 | Sewer    | Became a worshipper of Jiyva Jinlifom the Shapeless
  3435 | D:3      | Reached * piety under Jiyva
  3576 | D:3      | Reached skill level 5 in Maces & Flails
  3751 | D:4      | Found an ancient bone altar of Kikubaaqudgha.
  3786 | D:4      | Reached XP level 6. HP: 20/51 MP: 8/8
  3794 | D:4      | HP: 2/51 [gnoll/+0 spear[a gnoll bouda] (3)]
  3800 | D:4      | Reached skill level 6 in Maces & Flails
  3896 | D:4      | Reached ** piety under Jiyva
  3997 | D:4      | Noticed Eustachio
  4015 | D:4      | HP: 1/51 [iron imp[Eustachio] (9)]
  4016 | D:4      | Slain by an iron imp

Illustrated notes

Levels and vault maps discovered:
D:1:      sevenhm_arrival_forest_fort_small_4, layout_basic, serial_shops, shop,
          shapermc_ecumenical_altar_hornbeckon
D:2:      layout_loops_corners
D:3:      layout_loops_cross, cheibrodos_sewer_entry_bend
D:4:      layout_basic, mainiacjoe_overflow_surrounded_room,
          nicolae_kikubaaqudgha_miasma_corner, nicolae_the_louvre, uniq_sigmund,
          uniq_eustachio

Skill      XL: |  1  2  3  4  5  6 |
---------------+-------------------+-----
Fighting       | 1 3 |  3.3
Maces & Flails | 2 4 5 6 |  6.6
Dodging        | |  1.3
Stealth        | |  1.4
Spellcasting   | |  1.7
Ice Magic      | |  3.6

Action                     |  1- 3 |  4- 6 || total
---------------------------+-------+-------++-------
  Melee: Unarmed           |    90 |       ||    90
         Punch             |     1 |       ||     1
         Whip              |    55 |       ||    55
         Flail             |       |   176 ||   176
   Cast: Freeze            |    37 |       ||    37
    Use: Scroll            |     1 |       ||     1
         Potion            |       |     3 ||     3
   Stab: Sleeping          |     2 |       ||     2
 Armour: Robe              |    11 |       ||    11
         Leather armour    |    26 |       ||    26
         Ring mail         |    66 |     2 ||    68
         Scale mail        |       |   180 ||   180
  Dodge: Dodged            |    71 |   110 ||   181

Table legend: (Time is in decaauts)
 A = Elapsed time spent in this place.
 B = Non-inter-level travel time spent in this place.
 C = Inter-level travel time spent in this place.
 D = Time resting spent in this place.
 E = Time spent auto-exploring this place.
 F = Levels seen in this place.
 G = Mean time per level.
                   A        B        C        D        E       F      G
               +--------+--------+--------+--------+--------+-----+--------+
         Total |   4081 |   3919 |    162 |    783 |   2157 |   5 |  816.2 |
       Dungeon |   3604 |   3442 |    162 |    583 |   2059 |   4 |  901.0 |
         Sewer |    476 |    476 |      0 |    200 |     97 |   1 |  476.0 |
               +--------+--------+--------+--------+--------+-----+--------+

Top non-repeatable levels by time:
     D:1: 1519 daAuts
     D:2: 943 daAuts
     D:3: 802 daAuts
   Sewer: 476 daAuts
     D:4: 339 daAuts
